Map: Ruins of Seras

Players

jizinmypants

  • Race: Zerg Zerg
  • League: Gold

Hindulaatti - Winner!

  • Race: Terran Terran
  • League: Diamond

VOD

Have the link to the VOD?

Description

Time

  • Played on: Jan. 7, 2016, 12:36 a.m.
  • Length: 24:34
Show
View Real Time Build Order
Export as new Build Order

jizinmypants Zerg 

Build Orders: Hatch First 

Get SALT Encoding   

  12  0:01  Drone  
  13  0:11  Drone  
  14  0:18  Overlord  
  14  0:32  Extractor  
  14  0:33  Drone x2, Extractor  
  16  0:36  Drone  
  17  0:44  Drone  
  18  1:00  Hatchery  
  17  1:15  Spawning Pool  
  17  1:16  Extractor  
  15  1:20  Drone  
  15  1:21  Drone  
  17  1:28  Overlord  
  17  1:35  Drone  
  18  1:45  Drone  
  19  2:02  Zergling x2, Queen  
  22  2:09  Zergling x2  
  23  2:16  Queen  
  23  2:18  Drone x2  
  27  2:23  Metabolic Boost  
  27  2:27  Zergling x2  
  27  2:28  Drone  
  29  2:43  Roach Warren  
  28  2:45  Drone x2  
  30  2:59  Drone x3  
  30  3:00  Drone  
  33  3:13  Drone x2  
  33  3:14  Drone  
  33  3:15  Overlord  
  36  3:22  Queen, Extractor x2  
  36  3:33  Overlord  
  36  3:35  Lair  
  36  3:37  Drone x2  
  36  3:38  Drone  
  39  3:45  Drone  
  39  3:46  Drone x2  
  42  3:49  Drone  
  42  3:52  Roach  
  42  3:54  Roach  
  47  4:07  Drone x4  
  50  4:17  Zergling x2, Overlord x2  
  50  4:23  Baneling Nest  
  50  4:25  Drone  
  50  4:26  Overlord  
  51  4:33  Overlord  
  51  4:39  Hatchery  
  50  5:08  Evolution Chamber  
  50  5:09  Drone  
  50  5:10  Evolution Chamber  
  50  5:11  Drone x5  
  50  5:12  Drone x4, Extractor  
  57  5:17  Centrifical Hooks  
  57  5:19  Zergling x2  
  57  5:20  Zergling x4  
  60  5:26  Drone  
  60  5:27  Drone x3  
  64  5:33  Drone  
  65  5:46  Zerg Ground Armor Level 1, Zerg Melee Weapons Level 1  
  65  5:51  Spine Crawler  
  65  5:52  Spine Crawler  
  65  5:55  Drone x4  
  65  5:56  Drone  
  68  6:09  Spore Crawler x2  
  66  6:11  Spore Crawler  
  66  6:12  Drone  
  66  6:13  Drone x4  
  70  6:19  Roach x3  
  70  6:20  Roach  
  70  6:21  Baneling x3  
  70  6:22  Baneling x2  
  70  6:23  Baneling  
  78  6:29  Burrow  
  78  6:33  Spore Crawler  
  78  6:35  Drone x2  
  78  6:36  Extractor  
  78  6:38  Spine Crawler  
  77  6:45  Overlord x2  
  73  6:59  Drone  
  73  7:00  Drone x5  
  80  7:01  Zergling x2  
  80  7:02  Zergling x12  
  80  7:07  Baneling x2  
  86  7:09  Zergling x8  
  88  7:16  Zergling x4  
  88  7:17  Zergling x8  
  94  7:30  Baneling x5  
  94  7:31  Baneling x2  
  94  7:32  Roach  
  94  7:33  Roach x4  
  91  7:50  Drone  
  91  7:51  Drone x2, Infestation Pit  
  93  7:54  Extractor  
  91  8:13  Drone x2  
  91  8:14  Drone x2  
  95  8:25  Zerg Ground Armor Level 2, Zerg Melee Weapons Level 2  
  95  8:26  Hydralisk Den  
  95  8:27  Zergling x10  
  95  8:28  Zergling x8  
  95  8:30  Hatchery, Hive  
  102  8:35  Baneling x7  
  102  8:36  Baneling x2  
  96  8:49  Baneling x3  
  96  8:50  Baneling x3  
  87  9:17  Roach  
  87  9:18  Zergling x6, Roach  
  87  9:19  Zergling x12  
  81  9:46  Queen  
  81  9:49  Ultralisk Cavern  
  81  9:51  Zergling x2  
  81  9:52  Zergling x10  
  74  10:04  Zergling x4  
  70  10:10  Queen  
  70  10:12  Drone  
  70  10:13  Drone x2  
  70  10:27  Queen  
  72  10:36  Drone x2  
  72  10:39  Extractor x2  
  72  10:42  Chitinous Plating  
  72  10:44  Ultralisk x3  
  72  10:48  Hatchery  
  89  10:53  Drone  
  90  11:09  Zergling x2  
  90  11:10  Ultralisk  
  90  11:11  Ultralisk  
  103  11:17  Viper  
  106  11:19  Overlord x2  
  106  11:39  Drone x4  
  110  11:42  Ultralisk  
  110  11:43  Viper x2  
  122  12:13  Drone x4  
  122  12:14  Drone x2  
  128  12:28  Queen  
  126  12:35  Zergling x10  
  126  12:36  Zergling x16  
  102  12:45  Zergling x2  
  97  13:03  Drone x2  
  93  13:06  Ultralisk x2  
  93  13:07  Zergling x2  
  93  13:08  Zergling x6  
  107  13:29  Ultralisk  
  107  13:30  Zergling x2, Ultralisk x2  
  107  13:31  Zergling x4  
  107  13:33  Overlord x5  
  122  14:07  Ultralisk x2  
  122  14:08  Ultralisk  
  129  14:17  Zergling x4  
  129  14:18  Zergling x8  
  135  14:27  Drone x2  
  135  14:28  Drone x4  
  141  14:35  Drone  
  141  14:36  Drone x2  
  144  14:44  Hatchery  
  143  14:48  Zerg Ground Armor Level 3, Zerg Melee Weapons Level 3  
  143  14:54  Extractor  
  143  14:55  Extractor  
  143  14:56  Spine Crawler  
  143  14:57  Hatchery  
  143  14:58  Spore Crawler  
  138  15:06  Baneling x2  
  138  15:17  Ultralisk  
  138  15:19  Ultralisk  
  150  15:30  Baneling  
  150  15:31  Baneling x5  
  150  15:32  Baneling  
  150  15:40  Baneling x2  
  150  15:54  Drone x4  
  150  15:55  Spine Crawler  
  150  15:56  Spine Crawler  
  152  15:57  Spine Crawler x2, Extractor  
  152  15:59  Extractor  
  148  16:15  Extractor  
  148  16:16  Extractor  
  140  16:19  Baneling x5  
  140  16:23  Hydralisk  
  140  16:24  Hydralisk x6  
  140  16:25  Hydralisk  
  151  16:55  Drone x3  
  151  16:56  Drone x2  
  151  16:57  Drone x2, Hydralisk x2, Queen  
  164  17:07  Spine Crawler  
  163  17:14  Spine Crawler  
  162  17:32  Zergling x2  
  162  17:33  Overlord  
  162  17:34  Overlord x3  
  161  17:51  Drone  
  112  18:15  Zergling x4  
  112  18:16  Zergling x24  
  112  18:17  Zergling x8  
  72  18:32  Ultralisk  
  72  18:33  Ultralisk  
  74  18:42  Lair  
  74  18:48  Ultralisk Cavern  
  73  18:55  Viper  
  71  18:56  Viper  
  77  19:14  Viper x3  
  86  19:17  Drone x2  
  81  19:40  Viper  
  81  19:41  Viper  
  86  19:55  Hydralisk  
  86  19:56  Hydralisk x2  
  86  19:59  Hydralisk  
  92  20:00  Hydralisk x2  
  95  20:07  Drone  
  95  20:10  Drone x5  
  76  21:13  Drone  
  76  21:14  Drone x6  
  83  21:27  Hydralisk  
  83  21:28  Hydralisk x2  
  89  21:35  Hydralisk  
  89  21:36  Hydralisk x7  
  89  21:37  Hydralisk x4  
  103  21:59  Hydralisk  
  103  22:00  Hydralisk x3  
  103  22:01  Hydralisk x3  
Show
View Real Time Build Order
Export as new Build Order

Hindulaatti Terran - Winner!

Build Orders: Reaper Expand, Bio Tank 

Get SALT Encoding   

  12  0:00  SCV  
  13  0:13  SCV  
  14  0:18  Supply Depot  
  14  0:25  SCV  
  15  0:40  SCV  
  15  0:41  Barracks  
  16  0:46  Refinery  
  16  0:52  SCV  
  18  1:04  SCV  
  18  1:16  SCV  
  19  1:30  Supply Depot, Reaper  
  20  1:34  Orbital Command  
  20  1:51  Command Center  
  20  2:01  Refinery, SCV  
  20  2:03  Barracks Reactor  
  21  2:15  SCV  
  22  2:25  Factory  
  22  2:28  SCV  
  23  2:39  Marine x2  
  23  2:40  SCV  
  26  2:52  SCV  
  26  2:57  Marine x2  
  29  3:04  SCV  
  30  3:17  SCV  
  30  3:19  Marine x2  
  32  3:26  Orbital Command  
  33  3:29  SCV  
  33  3:30  Bunker  
  33  3:31  Supply Depot x2, Factory Tech Lab  
  34  3:38  Marine x2  
  34  3:41  SCV  
  37  3:53  SCV  
  37  3:55  Starport  
  38  4:05  SCV  
  38  4:06  Marine x2  
  38  4:09  Siege Tank  
  44  4:14  Supply Depot  
  44  4:16  Supply Depot  
  44  4:17  SCV  
  44  4:24  SCV  
  46  4:29  SCV  
  47  4:35  Starport Reactor  
  47  4:38  Marine  
  47  4:39  Marine  
  47  4:45  Siege Tank, Barracks  
  52  4:46  Barracks  
  52  4:49  SCV x2  
  54  4:55  Liberator  
  54  4:56  Marine  
  54  4:59  Marine  
  55  5:05  Command Center  
  55  5:06  Refinery  
  55  5:07  SCV  
  60  5:14  Marine  
  60  5:18  Medivac  
  60  5:19  Siege Tank  
  66  5:21  SCV  
  66  5:25  SCV  
  68  5:30  Supply Depot  
  68  5:31  Supply Depot  
  68  5:33  SCV  
  68  5:35  Barracks Tech Lab  
  69  5:38  Barracks Reactor  
  69  5:47  SCV  
  69  5:48  Medivac  
  72  5:50  SCV  
  72  5:55  Medivac  
  75  6:04  SCV x2  
  77  6:05  Fusion Core  
  77  6:07  Marine  
  77  6:08  Marauder, Marine  
  81  6:11  Refinery  
  81  6:14  Supply Depot  
  81  6:18  Supply Depot  
  81  6:22  Orbital Command  
  81  6:25  Marine  
  81  6:29  Medivac  
  84  6:42  SCV x2, Siege Tank  
  84  6:43  Marine x3  
  84  6:44  Marauder, Stimpack  
  94  6:50  Supply Depot  
  94  6:54  SCV  
  95  6:57  Marine  
  95  7:01  Medivac, Marine x3, SCV  
  98  7:02  Orbital Command  
  98  7:05  Marauder  
  104  7:44  Marauder, Marine x3  
  90  7:53  Marine  
  90  7:54  Medivac x2, Siege Tank  
  98  8:01  Marine  
  98  8:02  Marine  
  102  8:05  Marauder  
  102  8:08  SCV x3  
  105  8:16  Marine x2  
  105  8:19  Starport, Marine x2, Liberator  
  108  8:20  SCV x2  
  108  8:21  Barracks  
  108  8:22  Supply Depot, Barracks  
  108  8:23  Supply Depot  
  108  8:26  Siege Tank  
  116  8:27  Marauder  
  116  8:33  Medivac  
  116  8:34  Marine x2  
  120  8:37  Marine x2  
  127  8:48  Marauder  
  127  8:52  Marine x2, SCV x3  
  127  8:55  Marine x2  
  134  8:58  Siege Tank  
  134  9:00  Refinery  
  134  9:01  Refinery  
  135  9:10  Marauder  
  135  9:14  Marine x5  
  135  9:15  Marine  
  134  9:30  Siege Tank  
  138  9:31  Marauder  
  138  9:32  Marine x4  
  138  9:37  Barracks Tech Lab  
  135  9:39  Barracks Tech Lab  
  135  9:41  Medivac x2  
  135  9:42  Starport Reactor  
  135  9:43  Starport Tech Lab  
  138  9:49  Marine x2  
  138  9:50  Marine x2  
  143  9:52  Marauder  
  127  10:02  Siege Tank  
  127  10:04  SCV  
  127  10:05  SCV x2  
  127  10:06  Marauder, Marine  
  131  10:07  Marine x2  
  131  10:08  Advanced Ballistics  
  131  10:14  Marauder  
  133  10:17  SCV  
  133  10:21  Liberator  
  134  10:33  SCV x3  
  137  10:35  Medivac  
  137  10:36  Medivac  
  144  10:44  Combat Shields  
  144  10:45  Concussive Shells  
  144  11:04  Marauder, Marine x2  
  144  11:05  Marine  
  149  11:21  Command Center  
  149  11:28  Supply Depot  
  149  11:29  Supply Depot  
  149  11:31  Supply Depot  
  149  11:33  Medivac x2, Marauder, Marine x4, Siege Tank  
  149  11:34  Marauder  
  164  11:47  SCV  
  165  11:50  Marauder, SCV x2  
  165  11:51  Marine x4  
  173  11:59  SCV  
  173  12:05  Siege Tank  
  176  12:09  Supply Depot x2  
  176  12:10  Supply Depot  
  151  12:41  Marauder, Marine x2  
  151  12:42  Marauder x2, Marine x2  
  151  12:43  Medivac x3, Siege Tank  
  132  12:59  Marine x2  
  132  13:00  Marine x2  
  132  13:03  Marauder, Marine x2  
  137  13:17  Marine x2  
  137  13:18  Marine  
  140  13:34  Liberator  
  140  13:48  Marine x2  
  140  13:49  Marauder x2, Marine x3  
  140  13:50  Medivac x2, Siege Tank  
  155  14:06  Marine  
  142  14:10  Liberator x2  
  142  14:16  Liberator  
  116  14:24  Marauder x2, Marine x4  
  118  14:25  Marauder, Siege Tank  
  133  14:32  Bunker  
  133  14:34  Bunker x2  
  136  14:41  Orbital Command, Marine  
  136  14:42  Marine x2  
  141  14:45  Marauder  
  141  14:46  Refinery  
  141  14:51  Factory  
  141  14:53  Liberator x2  
  141  14:59  Liberator  
  147  15:15  Marauder x3, Marine x4  
  147  15:17  Refinery  
  147  15:20  Barracks  
  160  15:21  Barracks  
  160  15:33  Marine x4  
  164  15:36  Liberator x2, Marauder  
  164  15:38  Marauder x2  
  164  15:39  Factory Tech Lab  
  170  15:50  Liberator  
  170  15:51  Marine x4  
  180  15:58  Marauder  
  180  15:59  Marine  
  180  16:00  Marauder  
  185  16:08  Marine  
  189  16:18  Liberator, Marauder  
  178  16:19  Marauder  
  178  16:21  Marauder, SCV x4  
  186  16:33  Engineering Bay, SCV x3  
  186  16:36  Engineering Bay  
  186  16:37  Barracks Reactor x2  
  186  16:39  Marauder, Barracks Tech Lab  
  194  16:40  Marauder  
  194  16:42  Marauder  
  198  16:49  SCV x4  
  199  17:01  SCV  
  200  17:38  Terran Infantry Armor Level 1, Terran Infantry Weapons Level 1  
  187  18:06  Liberator  
  187  18:07  Liberator x2  
  154  18:21  Marine x2  
  154  18:22  Marauder x3, Marine  
  154  18:23  Marauder, Marine  
  171  18:30  Siege Tank x2  
  177  18:35  Marine x2  
  177  18:39  Marine x2  
  177  18:40  Marine  
  182  18:43  Marauder  
  182  18:44  Marauder x2  
  184  18:49  Liberator  
  183  18:58  Liberator  
  183  18:59  Liberator  
  178  19:14  Marauder x2, Marine x2  
  178  19:15  Marauder x2, Marine x2, Siege Tank  
  196  19:33  Liberator  
  196  19:35  Marauder  
  197  19:41  Liberator  
  192  19:48  Cloaking Field  
  190  19:58  Banshee  
  190  19:59  Marine  
  192  20:00  Marine x8  
  200  20:16  Liberator  
  200  20:24  Liberator x2  
  174  20:35  Marauder, Marine x2  
  171  20:36  Marauder x2, Marine x5  
  171  20:39  Siege Tank x2  
  187  20:53  Marine x2  
  187  20:54  Marine x4  
  181  21:10  Liberator x2  
  178  21:27  Banshee  
  184  21:37  Command Center  
  184  21:44  Command Center  
  183  22:10  Medivac x2  
  187  22:32  Refinery  
  187  22:33  Refinery  
  186  22:46  Marine  
  186  22:47  Marine x9  
  186  22:50  Medivac x2  
  200  23:05  Marine  
  189  23:14  Marine  
  189  23:15  Marine x6  
  189  23:16  Marine x2  
  197  23:23  Marine  
  198  23:32  Marine x2  
  195  24:07  Marauder x2  
  199  24:10  Marine  
Tags
 
Add a new tag
Caveats
  • Supply blocks, unpowered buildings, or Contaminate may cause inaccurate times.
  • Supply counts are checked every 10 seconds.